 Dungeon Crawl Stone Soup version 0.29-a0-561-ga02bf68b3c (webtiles) character file.

Game seed: 4356970347968001724

261 Nedwor the Twirler (level 5, 0/47 HPs)
             Began as a Minotaur Gladiator on June 11, 2022.
             Was an Initiate of Okawaru.
             Slain by an orc wizard
             ... wielding a +0 dagger
              (1 damage)
             ... on level 4 of the Dungeon.
             The game lasted 00:03:03 (3520 turns).

Nedwor the Twirler (Minotaur Gladiator)             Turns: 3520, Time: 00:03:05

Health: 0/47       AC: 10    Str: 20    XL:     5   Next: 96%
Magic:  4/4        EV:  6    Int:  5    God:    Okawaru [......]
Gold:   132        SH:  0    Dex: 12    Spells: 4/4 levels left

rFire   . . .      SeeInvis .   a - +0 quarterstaff
rCold   . . .      Faith    .   (shield currently unavailable)
rNeg    . . .      Spirit   .   A - +0 plate armour
rPois   .          Reflect  .   c - +0 hat
rElec   .          Harm     .   (no cloak)
rCorr   .          Rampage  .   (no gloves)
Will    .....                   (no boots)
Stlth   ..........              (no amulet)
HPRegen 0.15/turn               (no ring)
MPRegen 0.09/turn               (no ring)

@: lit by a corona, glowing
A: horns 2, retaliatory headbutt
a: Renounce Religion


You were on level 4 of the Dungeon.
You worshipped Okawaru.
Okawaru was noncommittal.
You visited 1 branch of the dungeon, and saw 4 of its levels.

You collected 132 gold pieces.

Inventory:

Hand Weapons
 a - a +0 quarterstaff (weapon)
Missiles
 d - 3 throwing nets (quivered)
 e - a javelin
Armour
 b - a +0 leather armour
 c - a +0 hat (worn)
 A - a +0 plate armour (worn)
Jewellery
 s - a ring of ice
Wands
 n - a wand of paralysis (10)
Scrolls
 f - 2 scrolls of identify {unknown}
 g - a scroll of acquirement {unknown}
 l - 2 scrolls of teleportation {unknown}
 m - a scroll of noise {unknown}
 p - a scroll of immolation {unknown}
 w - a scroll of fog {unknown}
 y - a scroll of enchant armour {unknown}
Potions
 h - 2 potions of resistance {unknown}
 i - 2 potions of heal wounds {unknown}
 j - 2 potions of might {unknown}
 k - a potion of flight {unknown}
 o - 3 potions of berserk rage {unknown}
 q - a potion of attraction {unknown}
 r - 3 potions of cancellation {unknown}
 t - 3 potions of lignification {unknown}
 v - a potion of magic {unknown}
 x - a potion of ambrosia {unknown}
 z - a potion of curing {unknown}


   Skills:
 + Level 4.7 Fighting
 * Level 6.9 Staves
 - Level 2.0 Throwing
 - Level 3.2 Dodging


You had 4 spell levels left.
You didn't know any spells.
Your spell library contained the following spells:

 Spells                   Type           Power      Damage    Failure   Level
 Foxfire                  Conj/Fire      0%         2x1d4     100%        1
 Necrotize                Necr           0%         1d4       100%        1
 Conjure Flame            Conj/Fire      0%         6-21      100%        3
 Inner Flame              Hex/Fire       0%         N/A       100%        3
 Vampiric Draining        Necr           0%         2d6       100%        3
 Flame Wave               Conj/Fire      0%         2d4       100%        4
 Passage of Golubria      Tloc           0%         N/A       100%        4
 Agony                    Necr           0%         N/A       100%        5
 Silence                  Hex/Air        0%         N/A       100%        5
 Yara's Violent Unravell  Hex/Tmut       0%         3d3       100%        5
 Lehudib's Crystal Spear  Conj/Erth      0%         10d2      100%        8
 Tukima's Dance           Hex            Unusable   N/A       N/A         3

Dungeon Overview and Level Annotations

Branches:
Dungeon (4/15)
 Temple: D:4-7

Altars:
Okawaru

Shops:
D:2 *


Innate Abilities, Weirdness & Mutations

You have a pair of horns on your head.
You reflexively headbutt those who attack you in melee.


Message History

The orc wizard hits you but does no damage.
The gnoll shaman hits you but does no damage.
You see here a +0 flail.
You hit the gnoll.
The gnoll is lightly wounded.
The orc wizard gestures at you while chanting.
The magic dart hits you but does no damage.
The gnoll hits you but does no damage. The gnoll hits you with a +0 whip.
The gnoll shaman hits you with a +0 whip.
You hit the gnoll.
You headbutt the gnoll, but do no damage.
The gnoll is heavily wounded.
The orc wizard barely misses you. You furiously retaliate!
You headbutt the orc wizard.
The gnoll hits you but does no damage. x2
The gnoll shaman hits you but does no damage.
You barely miss the gnoll.
The gnoll is heavily wounded.
The gnoll completely misses you. You furiously retaliate!
You headbutt the gnoll. The gnoll closely misses you. You furiously retaliate!
You headbutt the gnoll!
You kill the gnoll!
Okawaru accepts your kill.
The orc wizard hits you with a +0 dagger.
The gnoll shaman hits you with a +0 whip!
* * * LOW HITPOINT WARNING * * *
You closely miss the gnoll.
The orc wizard hits you but does no damage.
The gnoll hits you with a +0 whip.
* * * LOW HITPOINT WARNING * * *
The gnoll hits you but does no damage.
The gnoll shaman hits you with a +0 whip.
* * * LOW HITPOINT WARNING * * *
Unknown command.
You sock the orc wizard!
The orc wizard is severely wounded.
The gnoll hits you with a +0 spear.
* * * LOW HITPOINT WARNING * * *
The gnoll closely misses you.
The orc wizard hits you with a +0 dagger.
You die...

. ###.........##....'...#.
..###.........###.#.#...#.
..........................
...........>.........##...
#....g......#...###.....#.
#........#..#...###...#...
#....g...o................
........#gg.....###...#...
........#@o.......#.#.#...
.#+##...#.g..##.#.#.......
.....#.....#.#.#.......
.####.##......#....#.... .
#.##......###.##.#..
.................#..
...#.....#........## .
...#.###.#........ # ..##
#.###.# #.###.. #


You could see a gnoll shaman, an orc priest, an orc wizard and 2 gnolls.

Vanquished Creatures
  An ogre (D:4)
  2 orc wizards (D:4)
  2 gnolls (D:4)
  3 adders
  An ufetubus (D:4)
  A worm (D:2)
  2 dart slugs (D:2)
  10 orcs
  An endoplasm (D:3)
  A giant cockroach (D:1)
  6 goblins
  6 hobgoblins
  3 jackals (D:2)
  A quokka (D:1)
  8 ball pythons
  3 bats
  2 frilled lizards (D:1)
  3 kobolds
  2 rats (D:1)
58 creatures vanquished.

Notes
Turn   | Place    | Note
-------+----------+-------------------------------------------
     0 | D:1      | Nedwor the Minotaur Gladiator began the quest for the Orb.
     0 | D:1      | Reached XP level 1. HP: 18/18 MP: 0/0
   273 | D:1      | Reached skill level 4 in Staves
   366 | D:1      | Reached XP level 2. HP: 12/25 MP: 1/1
   564 | D:1      | Found a faded altar of an unknown god.
   859 | D:2      | Found Mutuuqav's General Store.
   886 | D:2      | Reached XP level 3. HP: 26/31 MP: 2/2
  1126 | D:2      | Reached skill level 5 in Staves
  1556 | D:3      | Reached XP level 4. HP: 10/38 MP: 3/3
  2115 | D:3      | Found an iron altar of Okawaru.
  2225 | D:3      | Became a worshipper of Warmaster Okawaru
  2824 | D:4      | Reached skill level 6 in Staves
  2824 | D:4      | Reached XP level 5. HP: 24/46 MP: 4/4
  2995 | D:4      | Noticed an ogre
  3001 | D:4      | Killed an ogre
  3519 | D:4      | HP: 1/47 [gnoll shaman/+0 whip (6)]
  3520 | D:4      | Slain by an orc wizard

Illustrated notes

Levels and vault maps discovered:
D:1:      lightli_arrival_windingriver, layout_basic,
          shapermc_ecumenical_altar_petra, minivault_19, st_stairs_10,
          corexii_leaking_fountain
D:2:      layout_rooms, serial_shops, shop
D:3:      layout_loops_cross, old_standard_altar
D:4:      layout_basic, minmay_temple_entry_nine_rooms,
          cheibrodos_sewer_entry_bend

Skill      XL: |  1  2  3  4 |
---------------+-------------+-----
Staves         | 4 5 6 |  6.9
Fighting       | 3 4 |  4.7
Throwing       | |  2.0
Dodging        | |  3.2

Action                   |  1- 3 |  4- 6 || total
-------------------------+-------+-------++-------
Melee: Quarterstaff      |    85 |    79 ||   164
       Headbutt          |     9 |     9 ||    18
Armor: Leather armour    |    18 |       ||    18
       Chain mail        |       |    27 ||    27
       Plate armour      |       |    22 ||    22
Dodge: Dodged            |    58 |    32 ||    90

Table legend: (Time is in decaauts)
 A = Elapsed time spent in this place.
 B = Non-inter-level travel time spent in this place.
 C = Inter-level travel time spent in this place.
 D = Time resting spent in this place.
 E = Time spent auto-exploring this place.
 F = Levels seen in this place.
 G = Mean time per level.
                   A        B        C        D        E       F      G
               +--------+--------+--------+--------+--------+-----+--------+
         Total |   3527 |   3436 |     91 |    594 |   2432 |   4 |  881.8 |
       Dungeon |   3527 |   3436 |     91 |    594 |   2432 |   4 |  881.8 |
               +--------+--------+--------+--------+--------+-----+--------+

Top non-repeatable levels by time:
     D:3: 1136 daAuts
     D:4: 1009 daAuts
     D:2: 709 daAuts
     D:1: 672 daAuts
